 Dungeon Crawl Stone Soup version bcrawl-1.19.2-6-g6a88ae04c9 (webtiles) character file.

Game seed: 18138978442469304033

1698 Mrkan the Cleaver (level 8, -6/73 HPs)
             Began as a Minotaur Fighter on Jan 7, 2020.
             Was a Follower of Ashenzari.
             Mangled by a vampire
             ... wielding a +0 club
              (10 damage)
             ... on level 6 of the Dungeon.
             The game lasted 00:07:48 (4704 turns).

Mrkan the Cleaver (Minotaur Fighter)                Turns: 4704, Time: 00:07:49

Health: -6/73      AC: 10    Str: 21    XL:     8   Next: 72%
Magic:  7/7        EV:  6    Int:  5    God:    Ashenzari [*.....]
Gold:   309        SH: 11    Dex: 12    Spells: 7/7 levels left

rFire    . . .     SeeInvis .   a - +0 war axe
rCold    . . .     Gourm    .   c - +0 shield (curse)
rNeg     . . .     Faith    .   p - +0 chain mail
rPois    .         Spirit   .   (helmet restricted)
rElec    +         Reflect  .   (no cloak)
rCorr    .         Harm     .   (no gloves)
MR       .....                  (no boots)
Stlth    ..........             (no amulet)
HPRegen  0.22/turn              e - ring of insulation
MPRegen  0.10/turn              (no ring)

@: no status effects
A: retaliatory headbutt, horns 2
a: Curse Item, Scrying, Renounce Religion


You were on level 6 of the Dungeon.
You worshipped Ashenzari.
Ashenzari was aware of your devotion.
You were hungry.

You visited 1 branch of the dungeon, and saw 6 of its levels.

You collected 309 gold pieces.

Inventory:

Hand Weapons
 a - a +0 war axe (weapon)
 F - the +8 war axe of the Tundras {speed, *Corrode rF++ MR+ Dex+3}
   (You found it on level 6 of the Dungeon)

   Attacks with this weapon are significantly faster.
   It affects your dexterity (+3).
   It greatly protects you from fire.
   It affects your resistance to hostile enchantments.
   It may corrode you when you take damage.
Missiles
 y - a throwing net (quivered) {!f}
Armour
 c - a cursed +0 shield (worn)
 p - a +0 chain mail (worn)
Jewellery
 e - a ring of insulation (left hand)
Wands
 E - a wand of acid (10)
Scrolls
 b - 2 scrolls of blinking {unknown}
 g - a scroll of fog {unknown}
 h - 2 scrolls of enchant armour {unknown}
 k - a scroll of enchant weapon {unknown}
 l - 2 scrolls of immolation {unknown}
 o - 5 scrolls of identify {unknown}
 q - a scroll of noise {unknown}
 s - 3 scrolls of remove curse {unknown}
 u - 3 scrolls of magic mapping {unknown}
 v - a scroll of teleportation {unknown}
 C - a scroll of amnesia {unknown}
 D - a scroll of fear {unknown}
Potions
 d - a potion of might
 i - a potion of degeneration {unknown}
 j - a potion of haste {unknown}
 m - a potion of cancellation {unknown}
 n - a potion of agility {unknown}
 r - 3 potions of curing
 t - a potion of lignification {unknown}
 w - a potion of magic {unknown}
 x - a potion of flight
 z - 2 potions of invisibility {unknown}
 B - a potion of heal wounds {unknown}
Comestibles
 f - 7 rations {!d}


   Skills:
 + Level 7.0 Fighting
 * Level 8.9 Axes
 + Level 6.9 Armour
 + Level 7.0 Shields


You had 7 spell levels left.
You didn't know any spells.
Your spell library contained the following spells:

 Spells                   Type           Power        Failure   Level  Hunger
 Beastly Appendage        Tmut           #.....       100%        1    ##.....
 Sticks to Snakes         Tmut           #.......     100%        2    ###....
 Spider Form              Tmut/Pois      #..          100%        3    ####...
 Ice Form                 Ice/Tmut       #.......     100%        4    #####..
 Blade Hands              Tmut           #.........   100%        5    ######.


Dungeon Overview and Level Annotations

Branches:
Dungeon (6/12)             Temple (0/1) D:5

Altars:
Ashenzari
Elyvilon
Makhleb
Nemelex Xobeh
Uskayaw
Vehumet
Wu Jian
Xom

Shops:
D:6 }


Innate Abilities, Weirdness & Mutations

You reflexively headbutt those who attack you in melee.
You have a pair of horns on your head.


Message History

You block the vampire's attack.
You closely miss the vampire.
The vampire is heavily damaged.
The vampire mumbles some strange words.
The vampire flickers and vanishes!
Deactivating autopickup; reactivate with Ctrl-A.
You barely miss something. Something hits you. Something bites you!
Something draws strength from your injuries!
You slash something!
Unholy energy fills the air.
* * * LOW HITPOINT WARNING * * *
You miss something. Something hits you.
* * * LOW HITPOINT WARNING * * *
Something bites you!
* * * LOW HITPOINT WARNING * * *
Something draws strength from your injuries!
You hit something but do no damage. Your headbutt misses something.
Something hits you.
* * * LOW HITPOINT WARNING * * *
Something bites you!
You die...

......................
......................
......................
.......................
#....##.####.##.####...
##'#############.####+##
.........#..............
......{..#..............
.......@.#..............
##.##....##...###..###..
####'#####'####'#####
#............#....#
+............#....#
#............#....#
##....##....##...##
#################


There were no monsters in sight!

Vanquished Creatures
  A hippogriff (D:5)
  Duvessa (D:5)
  2 ice beasts
  A phantom (D:6)
  A centaur (D:5)
  3 ogres
  A bullfrog (D:5)
  Dowan (D:5)
  A water moccasin skeleton (D:5)
  2 crimson imps
  4 hounds
  A jelly (D:5)
  An orc priest (D:4)
  A bullfrog skeleton (D:5)
  2 orc wizards
  An iguana (D:4)
  3 worker ants
  A hound skeleton (D:6)
  3 gnolls (D:2)
  7 adders
  2 shadow imps (D:5)
  An ooze (D:4)
  An adder zombie (D:6)
  A worm (D:2)
  3 dart slugs
  3 leopard geckos
  11 orcs
  2 giant cockroaches (D:2)
  6 hobgoblins
  10 jackals
  5 kobolds
  A quokka (D:5)
  5 bats
  A frilled lizard (D:1)
  6 goblins
  4 rats
100 creatures vanquished.

Vanquished Creatures (others)
  A dart slug (D:1)
1 creature vanquished.

Grand Total: 101 creatures vanquished

Notes
Turn   | Place    | Note
-------+----------+-------------------------------------------
     0 | D:1      | Mrkan the Minotaur Fighter began the quest for the Orb.
     0 | D:1      | Reached XP level 1. HP: 19/19 MP: 0/0
   278 | D:1      | Reached XP level 2. HP: 19/27 MP: 1/1
   495 | D:1      | Reached skill level 3 in Axes
   857 | D:2      | Reached XP level 3. HP: 30/33 MP: 2/2
  1023 | D:2      | HP: 1/33 [gnoll/+0 spear (3)]
  1316 | D:2      | Reached XP level 4. HP: 30/40 MP: 3/3
  1433 | D:2      | Found a shattered altar of Ashenzari.
  1449 | D:2      | Became a worshipper of Ashenzari the Shackled
  1685 | D:3      | Reached skill level 4 in Axes
  1879 | D:3      | Found a burning altar of Makhleb.
  1880 | D:3      | Found a sparkling altar of Nemelex Xobeh.
  1880 | D:3      | Found a white marble altar of Elyvilon.
  1881 | D:3      | Found a radiant altar of Vehumet.
  1882 | D:3      | Found an ornate altar of the Wu Jian Council.
  1987 | D:3      | Found a hide-covered altar of Uskayaw.
  2074 | D:3      | Reached XP level 5. HP: 43/47 MP: 4/4
  2568 | D:4      | Reached * piety under Ashenzari
  2895 | D:4      | Reached skill level 5 in Axes
  3450 | D:5      | Entered Level 5 of the Dungeon
  3450 | D:5      | Noticed a centaur
  3451 | D:5      | Found a staircase to the Ecumenical Temple.
  3456 | D:5      | Killed a centaur
  3456 | D:5      | Reached skill level 5 in Fighting
  3456 | D:5      | Reached skill level 5 in Armour
  3456 | D:5      | Reached skill level 5 in Shields
  3456 | D:5      | Reached XP level 6. HP: 40/56 MP: 5/5
  3610 | D:5      | Noticed an ice beast
  3620 | D:5      | Killed an ice beast
  3620 | D:5      | Reached skill level 6 in Axes
  3620 | D:5      | Reached XP level 7. HP: 60/61 MP: 6/6
  3827 | D:5      | Noticed Dowan
  3828 | D:5      | Noticed Duvessa
  3837 | D:5      | Killed Duvessa
  3840 | D:5      | Killed Dowan
  3983 | D:5      | Reached skill level 7 in Axes
  4211 | D:5      | Found a shimmering altar of Xom.
  4213 | D:5      | Found a shimmering altar of Xom.
  4213 | D:5      | Found a shimmering altar of Xom.
  4213 | D:5      | Found a shimmering altar of Xom.
  4214 | D:5      | Found a shimmering altar of Xom.
  4214 | D:5      | Found a shimmering altar of Xom.
  4264 | D:5      | Noticed a hippogriff
  4275 | D:5      | Killed a hippogriff
  4275 | D:5      | Reached XP level 8. HP: 50/70 MP: 7/7
  4411 | D:6      | Found Yschaclao's Gadget Shop.
  4423 | D:6      | Reached skill level 8 in Axes
  4570 | D:6      | Got the war axe of the Tundras {speed, *Corrode rF++ MR+
                  | Dex+3}
  4704 | D:6      | Mangled by a vampire

Skill      XL: |  1  2  3  4  5  6  7  8 |
---------------+-------------------------+-----
Axes           | 3 4 5 6 7 8 |  8.9
Armour         | 4 5 6 |  6.9
Fighting       | 4 5 6 7 |  7.0
Shields        | 4 5 6 7 |  7.0

Action                   |  1- 3 |  4- 6 |  7- 9 || total
-------------------------+-------+-------+-------++-------
Melee: War axe           |    91 |   142 |   121 ||   354
       Headbutt          |    14 |    21 |    27 ||    62
Invok: Curse Item        |       |     1 |       ||     1
  Use: Potion            |     3 |       |       ||     3
  Eat: Chunk             |       |     9 |     3 ||    12
Armor: Scale mail        |    50 |    12 |       ||    62
       Chain mail        |       |    78 |    63 ||   141
Dodge: Dodged            |    36 |    22 |    35 ||    93
Block: Shield            |    69 |    76 |    73 ||   218
